 Dungeon Crawl Stone Soup version 0.19-a0-1111-gcceb26a (webtiles) character file.

196 Leszczynek the Insei (level 5, -1/41 HPs)
             Began as a Mummy Monk on Aug 10, 2016.
             Slain by an orc priest
             ... wielding a +0 club
              (6 damage)
             ... on level 5 of the Dungeon.
             The game lasted 00:19:26 (5550 turns).

Leszczynek the Insei (Mummy Monk)                   Turns: 5550, Time: 00:19:27

Health: -1/41      AC:  0    Str: 14    XL:     5   Next: 46%
Magic:  5/5        EV: 13    Int: 10    God:
Gold:   151        SH:  0    Dex: 15    Spells: 0 memorised, 4 levels left

rFire  x . .     SeeInvis .       - Unarmed
rCold  + . .     Gourm    .     (no armour)
rNeg   + + +     Faith    .     (no shield)
rPois  ∞         Spirit   .     (no helmet)
rElec  .         Dismiss  .     (no cloak)
rCorr  .         Reflect  .     (no gloves)
SustAt .         Harm     .     (no boots)
MR     .....                    (no amulet)
Stlth  ++........               (no ring)
                                (no ring)

@:
A: no food or potions, fire vulnerability, cold resistance 1, negative energy
resistance 3, torment resistance, unbreathing
a: no special abilities


You were on level 5 of the Dungeon.
You were not hungry.

You visited 1 branch of the dungeon, and saw 5 of its levels.

You collected 151 gold pieces.

Inventory:

Scrolls
 a - a scroll of fog
 b - a scroll of enchant armour
 d - a scroll of noise {!r}
 e - 4 scrolls of remove curse
 f - a scroll of immolation
 g - a scroll of teleportation {unknown}
Comestibles
 c - 2 meat rations (quivered)


   Skills:
 - Level 3.0 Fighting
 - Level 2.4 Dodging
 - Level 1.6 Stealth
 + Level 5.1 Unarmed Combat


You had 4 spell levels left.
You didn't know any spells.

Dungeon Overview and Level Annotations

Branches:
Dungeon (5/15)
 Temple: D:4-7

Altars:

Annotations:
D:2 4 gnolls (2x flail)
D:4 scorpion, exclusion: 2 ogres


Innate Abilities, Weirdness & Mutations

You do not eat or drink.
Your flesh is vulnerable to fire.
You are immune to poison.
Your flesh is cold resistant. (rC+)
You are immune to negative energy. (rN+++)
You are immune to unholy pain and torment.
You can survive without breathing.


Message History

You hit the orc priest.
The orc priest is severely wounded.
You hit the orc priest but do no damage.
The orc priest is severely wounded.
The orc priest calls down the wrath of Beogh upon you.
Beogh smites you!
* * * LOW HITPOINT WARNING * * *
You hit the orc priest but do no damage.
The orc priest is severely wounded.
The orc priest casts a cantrip, but nothing happens.
You hit the orc priest but do no damage.
The orc priest is severely wounded.
The orc priest barely misses you.
You barely miss the orc priest.
The orc priest is severely wounded.
The orc priest miscasts a cantrip.
You hit the orc priest but do no damage.
The orc priest is severely wounded.
The orc priest hits you with a club.
You die...

.#####..o..>###.....#
....#####.......#...#
###.# ######o.#...#
#.# #......# #.##
#.##.#.# #..#
#)##.#.# ##'##
#......###### ##8.8##
#####o#......#
##.....##
#...@.#.####.#
#8.....8## #.#<....#
#.#
.........####.#######
#.#
.........8#......#
#.#
..........'.####.#
#.# .........8#.# #.#
#.# .........##.# #.#
#.# #8.....8##..# #.#
###.# ##.....##..##
#.# #...#


You could see an orc priest.

Vanquished Creatures
  A hound (D:5)
  A gnoll (D:2)
  5 adders
  2 oozes
  A worm (D:5)
  2 dart slugs (D:1)
  4 giant geckos
  6 orcs
  4 giant cockroaches
  9 goblins
  7 hobgoblins
  11 jackals
  6 kobolds
  2 quokkas
  5 bats
  11 giant newts
  9 rats
86 creatures vanquished.

Notes
Turn   | Place    | Note
-------+----------+-------------------------------------------
     0 | D:1      | Leszczynek the Mummy Monk began the quest for the Orb.
     0 | D:1      | Reached XP level 1. HP: 18/18 MP: 1/1
   215 | D:1      | Reached XP level 2. HP: 17/24 MP: 2/2
   425 | D:1      | Reached skill level 3 in Unarmed Combat
   493 | D:2      | an adder on d:1 :/
   523 | D:2      | great
  1102 | D:2      | Reached XP level 3. HP: 14/29 MP: 3/3
  2335 | D:2      | Reached skill level 4 in Unarmed Combat
  2589 | D:2      | Reached XP level 4. HP: 34/35 MP: 4/4
  2814 | D:3      | of course
  2819 | D:2      | -2 EV
  4362 | D:3      | Reached XP level 5. HP: 4/41 MP: 5/5
  4380 | D:3      | HP: 1/41 [orc/flail (6)]
  4832 | D:4      | Noticed an ogre
  4881 | D:4      | Noticed an ogre
  4985 | D:5      | Entered Level 5 of the Dungeon
  5151 | D:5      | Reached skill level 5 in Unarmed Combat
  5550 | D:5      | Slain by an orc priest

Vault maps used:
D:1:      shiori_arrival_oz, minmay_curled_crystal, supply_closet_lemuel
D:2:      nrook_mini_vaults
D:4:      serial_shops, shop
D:5:      first_bread, dk_noncrumbling_4

Skill      XL: |  1  2  3  4  5 |
---------------+----------------+-----
Unarmed Combat | 3 4 5 |  5.1
Fighting       | |  3.0
Dodging        | |  2.4
Stealth        | |  1.6

Action                   |  1- 3 |  4- 6 || total
-------------------------+-------+-------++-------
Melee: Unarmed           |   175 |   166 ||   341
       Punch             |     7 |     1 ||     8
  Use: Scroll            |       |     5 ||     5
 Stab: Sleeping          |     7 |     1 ||     8
Dodge: Dodged            |   131 |    72 ||   203
